Map: [ESL] Tropical Sacrifice

Players

GunGFuBanDa - Winner!

  • Race: Protoss Protoss
  • Spawn Location: 1:00

Krystianer

  • Race: Protoss Protoss
  • Spawn Location: 7:00

Event: DreamHack SC2 Masters 2022 Atlanta (Online)

VOD

Have the link to the VOD?

Description

Time

  • Played on: Oct. 13, 2022, 1:24 p.m.
  • Length: 19:07

All games in this series

Show
View Real Time Build Order
Export as new Build Order

GunGFuBanDa Protoss - Winner!

Build Orders:  

Get SALT Encoding   

  12  0:00  Probe  
  13  0:12  Probe  
  14  0:18  Pylon  
  14  0:24  Probe (Chrono Boost)  
  15  0:37  Probe (Chrono Boost), Gateway  
  16  0:43  Probe (Chrono Boost)  
  16  0:47  Assimilator  
  17  0:51  Probe (Chrono Boost)  
  18  0:57  Assimilator  
  18  1:04  Probe (Chrono Boost)  
  19  1:09  Gateway  
  19  1:13  Probe (Chrono Boost)  
  20  1:19  Probe  
  21  1:26  Cybernetics Core  
  21  1:31  Probe  
  22  1:38  Pylon  
  22  1:43  Probe  
  23  1:56  Probe  
  24  2:02  Stalker  
  24  2:03  Warp Gate, Sentry  
  28  2:10  Probe  
  29  2:19  Pylon  
  29  2:23  Probe  
  30  2:40  Nexus  
  29  2:46  Stalker  
  31  2:54  Stalker  
  31  2:57  Probe  
  34  3:09  Probe  
  34  3:10  Shield Battery  
  35  3:12  Pylon  
  35  3:21  Probe  
  36  3:28  Shield Battery  
  36  3:33  Probe  
  35  3:46  Probe  
  35  3:51  Stalker x2  
  36  3:58  Probe (Chrono Boost)  
  36  3:59  Probe (Chrono Boost)  
  36  4:02  Twilight Council  
  38  4:07  Probe (Chrono Boost)  
  38  4:08  Probe (Chrono Boost)  
  40  4:12  Probe (Chrono Boost)  
  40  4:13  Probe  
  42  4:18  Adept  
  42  4:20  Adept  
  46  4:25  Probe (Chrono Boost)  
  46  4:28  Probe (Chrono Boost)  
  48  4:31  Robotics Facility  
  48  4:36  Probe (Chrono Boost)  
  50  4:40  Probe (Chrono Boost)  
  50  4:42  Probe (Chrono Boost)  
  50  4:43  Dark Shrine  
  52  4:54  Probe x2 (Chrono Boost), Assimilator  
  53  5:03  Probe (Chrono Boost)  
  53  5:05  Probe (Chrono Boost), Blink  
  51  5:08  Probe  
  51  5:12  Pylon  
  53  5:14  Probe  
  53  5:15  Immortal (Chrono Boost)  
  57  5:23  Stalker  
  57  5:28  Pylon  
  59  5:38  Pylon  
  59  5:40  Stalker  
  61  5:49  Immortal  
  65  5:55  Dark Templar  
  67  6:10  Nexus  
  65  6:12  Dark Templar  
  65  6:17  Probe  
  65  6:18  Probe  
  69  6:26  Pylon  
  69  6:30  Probe x2 (Chrono Boost)  
  71  6:42  Probe (Chrono Boost)  
  73  6:47  Probe (Chrono Boost)  
  73  6:50  Probe (Chrono Boost)  
  73  6:54  Probe (Chrono Boost)  
  73  6:55  Shield Battery  
  73  6:56  Probe  
  73  6:59  Forge  
  74  7:02  Observer  
  74  7:05  Probe  
  74  7:08  Probe, Pylon  
  76  7:10  Pylon  
  76  7:13  Sentry, Stalker  
  81  7:21  Probe (Chrono Boost)  
  83  7:23  Probe (Chrono Boost)  
  83  7:25  Probe (Chrono Boost)  
  83  7:26  Gateway  
  83  7:29  Gateway  
  84  7:31  Shield Battery, Pylon  
  84  7:32  Probe (Chrono Boost)  
  84  7:34  Probe (Chrono Boost)  
  84  7:35  Protoss Ground Weapons Level 1 (Chrono Boost), Probe (Chrono Boost)  
  87  7:37  Probe (Chrono Boost)  
  87  7:41  Robotics Bay  
  87  7:42  Probe  
  89  7:45  Probe  
  89  7:47  Stalker  
  89  7:49  Assimilator  
  89  7:50  Probe, Assimilator  
  93  7:53  Pylon  
  93  7:54  Probe  
  93  7:57  Probe  
  95  8:01  Stalker  
  95  8:02  Probe  
  95  8:03  Shield Battery  
  98  8:06  Pylon  
  98  8:12  Stalker  
  99  8:13  Pylon  
  99  8:17  Photon Cannon  
  99  8:20  Pylon  
  99  8:24  Gateway  
  99  8:25  Gateway, Stalker x3  
  105  8:28  Disruptor (Chrono Boost)  
  105  8:34  Photon Cannon  
  108  8:35  Observer  
  108  8:39  Stalker  
  110  8:47  Gateway x2  
  110  8:54  Stalker  
  110  8:55  Stalker x2  
  116  8:59  Disruptor (Chrono Boost)  
  119  9:05  Stalker  
  116  9:24  Stalker x3  
  116  9:25  Stalker  
  116  9:26  Stalker  
  125  9:38  Disruptor (Chrono Boost)  
  120  9:42  Charge (Chrono Boost), Probe  
  116  9:49  Zealot x3  
  116  9:50  Zealot x3  
  124  9:52  Stalker  
  126  10:04  Probe  
  126  10:06  Assimilator  
  121  10:08  Probe  
  121  10:11  Probe  
  117  10:16  Probe  
  117  10:18  Protoss Ground Weapons Level 2 (Chrono Boost)  
  118  10:24  Zealot  
  118  10:27  Photon Cannon  
  120  10:28  Shield Battery  
  120  10:36  Disruptor (Chrono Boost), Photon Cannon  
  120  10:38  Shield Battery  
  123  10:44  Zealot x2, Stalker x3  
  123  10:45  Zealot x2  
  135  10:52  Probe  
  135  10:56  Probe  
  135  11:01  Probe  
  132  11:08  Dark Templar  
  132  11:10  Stalker x5  
  140  11:19  Disruptor (Chrono Boost)  
  140  11:25  Nexus  
  141  11:35  Probe  
  141  11:37  Pylon  
  142  11:46  Probe x2  
  142  11:47  Dark Templar  
  142  11:52  Probe  
  142  11:53  Pylon  
  145  11:58  Probe x2  
  147  12:04  Probe  
  147  12:08  Shield Battery  
  144  12:09  Photon Cannon  
  144  12:11  Stalker  
  144  12:12  Stalker x3  
  144  12:14  Disruptor  
  155  12:19  Probe  
  156  12:22  Photon Cannon  
  136  12:37  Stalker  
  136  12:38  Zealot, Dark Templar  
  136  12:39  Zealot x4  
  142  12:47  Probe  
  142  12:48  Probe x2  
  142  12:50  Disruptor (Chrono Boost)  
  148  12:52  Probe  
  147  12:59  Probe  
  147  13:05  Stalker x6  
  154  13:07  Shield Battery  
  154  13:09  Protoss Ground Weapons Level 3 (Chrono Boost)  
  158  13:19  Disruptor (Chrono Boost)  
  158  13:22  Stalker  
  163  13:28  Assimilator x2  
  163  13:29  Photon Cannon  
  163  13:43  Disruptor  
  166  13:49  Stalker  
  166  13:50  Stalker x2  
  166  13:54  Pylon  
  170  13:55  Shadow Stride (Chrono Boost)  
  170  13:58  Photon Cannon  
  170  13:59  Dark Shrine, Pylon  
  169  14:09  Stalker x2  
  171  14:14  Photon Cannon  
  171  14:15  Photon Cannon, Stalker x2  
  171  14:16  Stalker x2  
  179  14:18  Disruptor  
  179  14:24  Pylon x2  
  180  14:41  Photon Cannon  
  180  14:42  Photon Cannon  
  180  14:44  Stalker x6  
  180  14:45  Stalker  
  193  14:49  Warp Prism (Chrono Boost), Photon Cannon  
  193  14:50  Photon Cannon  
  193  14:53  Photon Cannon, Forge  
  193  14:55  Shield Battery  
  193  14:57  Gravitic Boosters  
  193  15:03  Photon Cannon  
  193  15:13  Dark Templar  
  195  15:17  Pylon x2  
  195  15:28  Nexus  
  195  15:30  Pylon  
  191  15:54  Gravitic Drive  
  191  15:59  Dark Templar  
  191  16:00  Dark Templar x3  
  199  16:08  Protoss Shields Level 1 (Chrono Boost)  
  199  16:09  Protoss Ground Armor Level 1 (Chrono Boost)  
  199  16:14  Observer  
  200  16:18  Nexus  
  200  16:20  Pylon  
  199  16:39  Observer  
  200  16:41  Photon Cannon  
  198  16:52  Shield Battery  
  198  16:54  Shield Battery  
  196  16:56  Shield Battery  
  196  16:58  Shield Battery  
  196  17:01  Observer  
  191  17:06  Photon Cannon  
  191  17:09  Gateway, Pylon  
  191  17:11  Gateway  
  189  17:21  Dark Templar  
  189  17:22  Dark Templar  
  163  17:23  Dark Templar  
  163  17:27  Stalker x4  
  155  17:31  Probe (Chrono Boost)  
  155  17:32  Probe x2 (Chrono Boost)  
  139  17:39  Probe (Chrono Boost)  
  139  17:43  Probe (Chrono Boost)  
  134  17:48  Disruptor (Chrono Boost)  
  134  17:49  Probe x2 (Chrono Boost)  
  134  17:50  Probe x2 (Chrono Boost)  
  134  17:51  Stalker x4  
  136  17:54  Probe (Chrono Boost)  
  136  17:56  Probe x3 (Chrono Boost)  
  146  17:59  Dark Templar  
  146  18:00  Dark Templar x2  
  146  18:02  Archon  
  146  18:03  Probe  
  153  18:07  Photon Cannon  
  153  18:10  Photon Cannon  
  153  18:13  Pylon  
  153  18:14  Disruptor (Chrono Boost)  
  153  18:17  Stalker x5  
  153  18:18  Stalker  
  168  18:21  Robotics Facility  
  168  18:22  Templar Archives  
Show
View Real Time Build Order
Export as new Build Order

Krystianer Protoss 

Build Orders: Blink Stalkers 

Get SALT Encoding   

  12  0:00  Probe  
  13  0:12  Probe  
  14  0:17  Pylon  
  14  0:24  Probe (Chrono Boost)  
  16  0:37  Probe (Chrono Boost), Gateway  
  16  0:42  Probe (Chrono Boost)  
  16  0:46  Assimilator  
  17  0:51  Probe  
  17  0:56  Assimilator  
  18  1:03  Probe (Chrono Boost)  
  19  1:09  Gateway  
  19  1:13  Probe (Chrono Boost)  
  20  1:18  Probe (Chrono Boost)  
  21  1:25  Cybernetics Core  
  21  1:30  Probe  
  22  1:40  Pylon  
  22  1:42  Probe  
  23  1:58  Probe  
  24  2:02  Adept x2, Warp Gate  
  28  2:10  Probe  
  28  2:13  Shield Battery  
  29  2:17  Pylon  
  29  2:22  Probe  
  30  2:35  Stalker x2  
  34  2:58  Nexus  
  38  3:05  Sentry  
  38  3:09  Probe  
  39  3:13  Pylon  
  37  3:21  Twilight Council  
  37  3:23  Probe (Chrono Boost)  
  39  3:35  Probe (Chrono Boost)  
  39  3:39  Probe (Chrono Boost)  
  38  3:50  Probe (Chrono Boost)  
  38  3:53  Blink (Chrono Boost)  
  39  4:02  Probe (Chrono Boost)  
  38  4:07  Stalker x2  
  43  4:10  Probe (Chrono Boost)  
  43  4:13  Probe (Chrono Boost)  
  45  4:20  Probe x2 (Chrono Boost)  
  46  4:25  Probe (Chrono Boost)  
  46  4:28  Probe  
  48  4:31  Stalker  
  48  4:32  Stalker  
  48  4:37  Probe  
  53  4:40  Probe  
  54  4:49  Probe  
  54  4:52  Probe  
  55  4:54  Stalker x2  
  55  4:58  Pylon  
  59  5:06  Nexus  
  59  5:07  Probe x2  
  61  5:15  Robotics Facility  
  61  5:18  Adept  
  61  5:20  Adept  
  65  5:22  Probe  
  65  5:23  Probe  
  67  5:31  Forge  
  67  5:33  Assimilator  
  67  5:35  Probe x2  
  69  5:45  Gateway  
  69  5:47  Gateway  
  69  5:52  Probe, Pylon  
  70  6:10  Probe x2, Stalker x2  
  76  6:16  Observer (Chrono Boost)  
  75  6:20  Photon Cannon  
  75  6:21  Photon Cannon  
  75  6:22  Probe x2  
  75  6:24  Probe  
  78  6:29  Observer (Chrono Boost)  
  71  6:33  Stalker  
  71  6:34  Probe x2, Stalker  
  71  6:36  Probe  
  78  6:43  Protoss Ground Weapons Level 1 (Chrono Boost), Stalker  
  78  6:45  Stalker  
  78  6:54  Shield Battery  
  78  6:56  Charge (Chrono Boost)  
  78  6:58  Probe  
  78  7:00  Probe  
  80  7:02  Probe  
  80  7:07  Stalker  
  83  7:10  Probe  
  83  7:14  Stalker  
  87  7:16  Stalker  
  87  7:19  Stalker  
  87  7:22  Probe  
  91  7:23  Probe  
  91  7:24  Probe  
  93  7:31  Pylon  
  93  7:41  Gateway  
  93  7:42  Gateway  
  93  7:45  Gateway  
  93  7:47  Gateway  
  93  7:48  Pylon  
  93  7:50  Observer, Probe x2, Pylon  
  95  7:53  Zealot  
  95  7:54  Warp Prism (Chrono Boost)  
  99  8:04  Zealot  
  100  8:08  Zealot x2  
  100  8:10  Pylon  
  100  8:12  Pylon  
  104  8:13  Probe  
  104  8:18  Stalker  
  107  8:22  Observer (Chrono Boost)  
  107  8:24  Pylon  
  108  8:34  Warp Prism (Chrono Boost), Stalker x2  
  112  8:36  Pylon  
  112  8:40  Pylon  
  113  8:41  Protoss Ground Weapons Level 2 (Chrono Boost)  
  113  8:43  Nexus  
  113  8:49  Observer  
  113  9:07  Zealot x7  
  127  9:10  Zealot  
  127  9:15  Probe  
  124  9:29  Zealot x7  
  134  9:32  Probe x2  
  134  9:35  Probe  
  127  9:42  Zealot  
  127  9:44  Probe  
  120  9:49  Zealot x6  
  122  9:54  Probe  
  122  9:56  Probe  
  122  10:00  Warp Prism (Chrono Boost), Probe  
  122  10:06  Templar Archives  
  105  10:25  Zealot x8  
  121  10:36  Pylon  
  121  10:40  Gateway  
  121  10:47  Zealot x8  
  137  10:52  Zealot x4, Warp Prism  
  127  11:03  Probe  
  120  11:04  Stargate  
  120  11:06  Probe  
  120  11:07  Probe, Stargate  
  120  11:10  Nexus  
  122  11:12  High Templar x3  
  122  11:13  High Templar x4  
  122  11:15  Probe  
  135  11:19  Archon, High Templar  
  135  11:20  Archon x2  
  135  11:21  Probe  
  135  11:24  Shield Battery  
  136  11:25  Photon Cannon  
  134  11:34  Archon  
  134  11:37  Zealot  
  135  11:41  Pylon  
  135  11:45  Zealot x7  
  141  11:53  Zealot  
  144  11:54  Probe  
  144  11:55  Protoss Ground Weapons Level 3 (Chrono Boost)  
  144  11:59  Pylon  
  141  12:02  Probe  
  141  12:07  Zealot x8  
  158  12:09  Probe, Assimilator  
  158  12:10  Probe  
  140  12:32  Zealot x9  
  140  12:33  Probe  
  141  12:37  Probe  
  141  12:38  Probe  
  123  12:45  Probe  
  123  12:49  Probe  
  119  12:53  Stalker x8  
  133  12:58  Probe  
  133  13:02  Probe  
  136  13:05  Observer (Chrono Boost)  
  135  13:13  Pylon  
  135  13:18  Zealot x9, Observer (Chrono Boost)  
  154  13:21  Photon Cannon  
  154  13:23  Observer, Photon Cannon  
  154  13:32  Probe x2  
  154  13:33  Pylon  
  156  13:35  Phoenix (Chrono Boost)  
  156  13:38  Phoenix (Chrono Boost), Zealot x5  
  169  13:43  Pylon  
  167  13:48  Probe  
  167  13:49  Probe  
  167  13:55  Probe  
  167  13:57  Phoenix (Chrono Boost)  
  171  14:03  Phoenix (Chrono Boost), Photon Cannon  
  171  14:06  Photon Cannon  
  171  14:08  Photon Cannon  
  171  14:09  Shield Battery  
  171  14:13  Phoenix (Chrono Boost)  
  171  14:14  Assimilator  
  171  14:16  Assimilator  
  173  14:17  Zealot x6  
  173  14:18  Probe  
  173  14:21  Phoenix (Chrono Boost), Assimilator  
  187  14:27  Observer (Chrono Boost)  
  180  14:33  Zealot x3  
  179  14:45  Stalker x2  
  183  14:47  Zealot x2  
  187  14:53  Zealot x5  
  187  14:55  Assimilator  
  197  15:09  Nexus, Photon Cannon  
  197  15:10  Photon Cannon  
  197  15:12  Shield Battery  
  197  15:17  Stargate  
  197  15:19  Fleet Beacon  
  197  15:33  Gateway  
  195  15:38  Phoenix x2 (Chrono Boost)  
  193  15:45  Assimilator  
  193  15:52  Observer  
  192  16:14  Photon Cannon  
  192  16:15  Photon Cannon  
  192  16:23  Zealot x9  
  188  16:41  Pylon  
  188  16:43  Pylon  
  188  16:45  Pylon  
  176  17:02  Zealot x3  
  176  17:03  Zealot x4  
  161  17:20  Probe  
  161  17:21  Probe  
  148  17:28  Probe  
  133  17:31  Probe  
  133  17:33  Observer, Probe  
  109  17:37  Probe, Gateway  
  109  17:40  Observer (Chrono Boost)  
  109  17:41  Zealot x2  
  109  17:42  Zealot  
  98  17:46  Gateway  
  98  17:48  Pylon  
  98  17:49  Gateway  
  98  17:50  Gateway  
  92  17:54  Probe  
  92  17:56  Probe  
  92  17:58  Probe  
  90  18:02  Zealot x3  
  96  18:07  Probe  
  97  18:22  Cybernetics Core  
  97  18:24  Pylon  
  97  18:28  Pylon  
  97  18:30  Pylon  
Tags
 
Add a new tag
Caveats
  • Supply blocks, unpowered buildings, or Contaminate may cause inaccurate times.
  • Supply counts are checked every 10 seconds.